 Dungeon Crawl Stone Soup version 0.28.0-53-g5a82cb258f (webtiles) character file.

Game seed: 11467246627354049779

21581 styxcanada the Unseen (level 12, -38/59 HPs)
             Began as a Spriggan Brigand on Aug 17, 2022.
             Was an Initiate of Gozag.
             Killed from afar by a fire dragon (48 damage)
             ... with a blast of flame
             ... in a volcano.
             The game lasted 01:13:03 (16723 turns).

styxcanada the Unseen (Spriggan Brigand)           Turns: 16723, Time: 01:13:05

Health: -38/59     AC:  5    Str: 10    XL:     12   Next: 55%
Magic:  0/34       EV: 30    Int: 13    God:    Gozag
Gold:   1210       SH:  8    Dex: 30    Spells: 18/27 levels left

rFire   . . .      SeeInvis +   i - +11 short sword "Sopeow" {drain, *Slow Dex+7}
rCold   . . .      Faith    .   (no shield)
rNeg    . . .      Spirit   +   b - +1 robe
rPois   +          Reflect  .   A - -3 hat "Veffum" {rElec rPois Dex+2}
rElec   +          Harm     .   v - +0 cloak {Stlth+}
rCorr   .          Rampage  .   (gloves unavailable)
Will    ++...                   (boots unavailable)
Stlth   ++++++++..              c - brooch of Shielding {Spirit SH+8}
HPRegen 0.19/turn               y - +4 ring of protection
MPRegen 0.24/turn               G - ring of Qokupt {MP+9 Str+3}

@: gold aura, very quick
A: very small, no large weapons, unfitting armour, see invisible, speed 3
a: Renounce Religion, Potion Petition, Call Merchant, Bribe Branch


You were in a volcano.
You worshipped Gozag.
Gozag was most pleased with you.
You visited 2 branches of the dungeon, and saw 11 of its levels.
You also visited: Sewer and Volcano.

You collected 3670 gold pieces.
You spent 1933 gold pieces at shops.
You paid 527 gold pieces to Gozag.

Inventory:

Hand Weapons
 i - the +11 short sword "Sopeow" (weapon) {drain, *Slow Dex+7}
   (You bought it in a shop on level 5 of the Dungeon)

   A truly terrible weapon, it drains the life of any living foe it strikes.
   Dex:       It affects your dexterity (+7).
   *Slow:     It may slow you when you take damage.
 l - a +2 hunting sling
Missiles
 d - 15 poisoned darts (quivered)
 e - a curare-tipped dart
 p - 94 sling bullets
 K - 9 atropa-tipped darts
Armour
 b - a +1 robe (worn)
 v - a +0 cloak of stealth (worn)
 A - the -3 hat "Veffum" (worn) {rElec rPois Dex+2}
   (You acquired it on level 7 of the Dungeon)

   Dex:       It affects your dexterity (+2).
   rElec:     It insulates you from electricity.
   rPois:     It protects you from poison.
 C - a +0 cloak of preservation
Jewellery
 c - the brooch of Shielding (around neck) {Spirit SH+8}
   (You bought it in a shop on level 1 of the Dungeon)

   [amulet of guardian spirit]

   It causes incoming damage to be divided between your reserves of health and
   magic.
   SH:        It affects your SH (+8).
 g - a ring of protection from cold
 k - a ring of fire
 y - a +4 ring of protection (left hand)
 G - the ring of Qokupt (right hand) {MP+9 Str+3}
   (You bought it in a shop on level 6 of the Dungeon)

   [ring of magical power]

   Str:       It affects your strength (+3).
   MP:        It affects your magic capacity (+9).
 H - a ring of flight
 L - an amulet of regeneration
 P - a +4 ring of protection
Wands
 x - a wand of digging (4)
 B - a wand of polymorph (7)
 I - a wand of flame (2)
 N - a wand of paralysis (7)
Scrolls
 w - 4 scrolls of teleportation
Potions
 a - a potion of might
 f - a potion of cancellation
 n - 3 potions of magic
 o - 2 potions of resistance
 q - 4 potions of curing
 s - 2 potions of flight
 t - a potion of brilliance
 u - a potion of mutation
 z - a potion of heal wounds
 J - a potion of ambrosia


   Skills:
 + Level 4.8 Fighting
 + Level 7.4 Short Blades
 + Level 3.7(5.3) Slings
 + Level 4.7(5.2) Throwing
 * Level 10.3 Dodging
 * Level 15.7 Stealth
 + Level 3.6 Shields
 * Level 8.1 Spellcasting
 * Level 7.7 Hexes
 * Level 5.0 Ice Magic
 * Level 0.8 Air Magic
 * Level 0.3 Poison Magic
 * Level 8.3 Evocations


You had 18 spell levels left.
You knew the following spells:

 Your Spells              Type           Power      Damage    Failure   Level
a - Ensorcelled Hibernat  Hex/Ice        42%        N/A       1%          2
b - Poisonous Vapours     Pois/Air       12%        N/A       16%         2
c - Metabolic Englaciati  Hex/Ice        10%        N/A       28%         5

Your spell library contained the following spells:

 Spells                   Type           Power      Damage    Failure   Level
 Freeze                   Ice            72%        1d9       1%          1
 Frozen Ramparts          Ice            36%        1d5       5%          3
 Ozocubu's Armour         Ice            18%        N/A       5%          3
 Sandblast                Erth           10%        2d5       14%         1
 Corpse Rot               Necr/Air       12%        N/A       17%         2
 Passwall                 Tmut/Erth      4%         N/A       21%         2
 Scorch                   Fire           10%        2d5       21%         2
 Swiftness                Air            7%         N/A       28%         3
 Stone Arrow              Conj/Erth      10%        3d7       38%         3
 Hailstorm                Conj/Ice       11%        3d5       43%         4
 Animate Dead             Necr           2%         N/A       80%         4
 Flame Wave               Conj/Fire      5%         2d5       80%         4
 Alistair's Intoxication  Tmut/Pois      3%         N/A       98%         5
 Borgnjor's Vile Clutch   Necr/Erth      2%         N/A       98%         5
 Eringya's Noxious Bog    Tmut/Pois      2%         N/A       100%        6
 Simulacrum               Ice/Necr       5%         N/A       100%        6
 Summon Cactus Giant      Summ           2%         N/A       100%        6
 Haunt                    Necr/Summ      2%         N/A       100%        7
 Infestation              Necr           2%         N/A       100%        8


Dungeon Overview and Level Annotations

Branches:
Dungeon (10/15)            Temple (0/1) D:6            Lair (1/6) D:10
  Sewer (visited)         Volcano (1/1)
    Orc: D:9-12

Altars:
Ashenzari
Gozag
Hepliaklqana
Ru
Sif Muna
Trog
Xom
The Shining One
Beogh

Shops:
D:1 =   D:2 [   D:5 (   D:6 **   D:7 *   D:10 *


Innate Abilities, Weirdness & Mutations

You are very small and have problems with some larger weapons.
You are too small for most types of armour.
You have supernaturally acute eyesight. (SInv)
You cover ground extremely quickly. (Speed+++)


Message History

Unknown command.
You start resting.
In the distance, the volcano erupts with a roar.
You start resting.
A hell hound comes into view.
You block the hell hound's attack.
You see here a +0 battleaxe of flaming.
The hell hound bites you.
You closely miss the hell hound. The hell hound bites you!
* * * LOW HITPOINT WARNING * * *
You puncture the hell hound!
The hell hound is moderately wounded.
You block the hell hound's attack.
You puncture the hell hound!
The hell hound is severely wounded.
The hell hound completely misses you.
You hit the hell hound.
The hell hound is almost dead.
The hell hound breathes flames at you. The blast of flame hits you!
* * * LOW HITPOINT WARNING * * *
You closely miss the hell hound.
The hell hound is almost dead.
You block the hell hound's attack.
A fire dragon comes into view.
You barely miss the hell hound.
The hell hound is almost dead.
The fire dragon roars deafeningly!
You block the hell hound's attack. The hell hound breathes flames at you.
The blast of flame misses you.
You hit the hell hound.
You kill the hell hound!
You hit the fire dragon.
The fire dragon is lightly wounded.
The fire dragon breathes flames at you. The blast of flame hits you!!!
Ouch! That really hurt!
You die...
Your body crumbles into a pile of gold.

§≈≈≈≈§≈≈§§§...##
§≈≈≈≈≈≈≈§≈§....#
≈§≈≈≈≈§≈≈.§..###
≈≈≈§≈≈≈≈....h..# $
...§§...§....##..#
$ ######.######
#..# ##.###### ##
#.#∩#).# ##.D@.###
##(.)..###
#≈≈§.[≈§≈#
##≈≈≈≈§§##
##§≈≈°## ###≈°#
#°## ###


You could see a fire dragon (catching breath).

Vanquished Creatures
  Josephine (D:10)
  A hydra (D:9)
  Harold (D:8)
  3 centaur warriors (D:9)
  4 two-headed ogres
  A hell hog (Volcano)
  A deep elf pyromancer (D:9)
  2 orc knights (D:9)
  A manticore (D:8)
  A black mamba (Lair:1)
  3 cane toads (Lair:1)
  A troll (D:9)
  A hornet (D:7)
  3 blink frogs (Lair:1)
  A shadow (D:10)
  3 wyverns
  4 wraiths (D:10)
  24 yaks
  2 steam dragons (Volcano)
  Grum (D:10)
  Menkaure (D:4)
  5 water moccasins
  2 hell hounds (Volcano)
  An acid dragon (D:9)
  3 orc warriors
  2 sky beasts (D:6)
  4 black bears
  3 ice beasts
  3 wolves (D:10)
  5 centaurs
  A phantom (D:5)
  Blork the orc (D:6)
  4 kobold brigands
  7 bullfrogs
  9 scorpions
  A water moccasin zombie (D:5)
  A gnoll sergeant (D:10)
  17 killer bees
  4 wights (D:6)
  2 vampire bats (Lair:1)
  5 howler monkeys
  3 jellies
  A bullfrog zombie (D:5)
  Crazy Yiuf (D:5)
  A hound (D:4)
  4 orc priests
  2 bullfrog skeletons
  2 centaur skeletons
  3 iguanas
  11 orc wizards
  A killer bee zombie (D:9)
  2 howler monkey zombies (D:8)
  7 adders
  9 gnolls
  A shadow imp (D:4)
  A white imp (D:7)
  3 worms (D:3)
  2 dart slugs
  20 orcs
  8 ball pythons
  13 bats
  9 endoplasms
  6 giant cockroaches
  2 hobgoblins
  10 jackals
  27 kobolds
  A quokka (D:4)
  A frilled lizard (Sewer)
  4 goblins
  8 rats
303 creatures vanquished.

Vanquished Creatures (collateral kills)
  An orc (D:9)
1 creature vanquished.

Vanquished Creatures (others)
  4 fungi
  13 plants
17 creatures vanquished.

Grand Total: 321 creatures vanquished

Notes
Turn   | Place    | Note
-------+----------+-------------------------------------------
     0 | D:1      | styxcanada the Spriggan Brigand began the quest for the
                  | Orb.
     0 | D:1      | Reached XP level 1. HP: 10/10 MP: 2/2
    94 | D:1      | Reached skill level 6 in Stealth
   302 | D:1      | Reached XP level 2. HP: 15/15 MP: 3/3
   389 | D:1      | Found a faded altar of an unknown god.
   432 | D:1      | Found Koawk's Jewellery Shop.
  1117 | D:2      | Found a bloodstained altar of Trog.
  1400 | D:2      | Reached skill level 7 in Stealth
  1400 | D:2      | Reached XP level 3. HP: 18/18 MP: 4/4
  1603 | D:2      | Reached skill level 1 in Spellcasting
  1867 | D:2      | Found Maseha's Armour Shoppe.
  2426 | D:3      | Found a broken altar of Ashenzari.
  2501 | D:3      | Found a glowing drain.
  2510 | Sewer    | Entered a sewer
  3016 | Sewer    | Reached XP level 4. HP: 23/23 MP: 7/7
  3271 | Sewer    | Noticed a kobold brigand
  3278 | Sewer    | HP: 1/23 [kobold brigand/+0 short sword (9)]
  3309 | Sewer    | Killed a kobold brigand
  3310 | Sewer    | Reached XP level 5. HP: 2/26 MP: 8/8
  3975 | D:3      | Reached skill level 8 in Stealth
  4461 | D:4      | Found a sacrificial altar of Ru.
  4538 | D:4      | Noticed a black bear
  4557 | D:4      | Noticed Menkaure
  4593 | D:4      | Reached XP level 6. HP: 18/32 MP: 10/10
  4654 | D:4      | HP: 1/32 [Menkaure/nerve-wracking pain (12)]
  5345 | D:4      | Killed Menkaure
  5418 | D:4      | Reached XP level 7. HP: 14/35 MP: 12/12
  5717 | D:4      | Found a glowing golden altar of the Shining One.
  5718 | D:4      | Found an opulent altar of Gozag.
  5762 | D:4      | Became a worshipper of Gozag Ym Sagoz the Greedy
  5896 | D:4      | Reached skill level 5 in Dodging
  6028 | D:4      | Learned a level 2 spell: Ensorcelled Hibernation
  6260 | D:4      | Found a shimmering blue altar of Sif Muna.
  6403 | D:5      | Entered Level 5 of the Dungeon
  6411 | D:5      | Identified a scroll of acquirement
  6411 | D:5      | Acquired 1077 gold pieces
  6496 | D:5      | Reached skill level 1 in Hexes
  6496 | D:5      | Reached skill level 1 in Evocations
  6614 | D:5      | Found Buzoj's Antique Weapon Shoppe.
  6618 | D:5      | Bought a pitted short sword for 168 gold pieces
  6618 | D:5      | Identified the +11 short sword "Sopeow" {drain, *Slow
                  | Dex+7} (You bought it in a shop on level 5 of the Dungeon)
  6801 | D:5      | Found a runed translucent door.
  6801 | D:5      | Noticed Crazy Yiuf
  6841 | D:5      | Killed Crazy Yiuf
  6972 | D:5      | Identified the +0 robe "Jaas" {rF+ rC+ Slay-4}
  7003 | D:5      | Reached skill level 1 in Ice Magic
  7007 | D:5      | Reached XP level 8. HP: 29/40 MP: 14/14
  7022 | D:5      | Reached skill level 9 in Stealth
  7038 | D:5      | Noticed a two-headed ogre
  7134 | D:5      | Killed a two-headed ogre
  7366 | D:5      | Reached XP level 9. HP: 45/45 MP: 15/17
  7636 | D:6      | Found Zab Jevu's Assorted Antiques.
  7636 | D:6      | Found a staircase to the Ecumenical Temple.
  7665 | D:6      | Noticed Blork the orc
  7715 | D:6      | Reached skill level 5 in Spellcasting
  7720 | D:6      | Found Qonut's Assorted Antiques.
  7749 | D:6      | Killed Blork the orc
  7750 | D:6      | Reached skill level 10 in Stealth
  8166 | D:1      | Bought the brooch of Shielding {Spirit SH+8} for 653 gold
                  | pieces
  8166 | D:1      | Found the brooch of Shielding {Spirit SH+8}
  8176 | D:1      | Bought a +4 ring of protection for 396 gold pieces
  8593 | D:6      | Found a hazy altar of Hepliaklqana.
  9151 | D:6      | You fall into a shaft and drop 1 floor!
  9185 | D:7      | Reached skill level 11 in Stealth
  9192 | D:7      | Reached skill level 5 in Short Blades
  9236 | D:7      | Reached XP level 10. HP: 34/49 MP: 10/19
  9479 | D:6      | Bought a scroll labelled UMIDWUEWNE for 27 gold pieces
  9479 | D:6      | Bought a red potion for 24 gold pieces
  9479 | D:6      | Bought a coppery potion for 24 gold pieces
  9479 | D:6      | Bought a scroll of identify for 54 gold pieces
  9887 | D:7      | Found a shimmering altar of Xom.
  9968 | D:7      | Found Kushrun's Overcharged Wands.
 10077 | D:6      | Bought a scroll labelled UMIDWUEWNE for 19 gold pieces
 10077 | D:6      | Bought a scroll labelled UVIRAKU OZASS for 19 gold pieces
 10077 | D:6      | Bought a flickering silver ring for 95 gold pieces
 10077 | D:6      | Identified the ring of Qokupt {MP+9 Str+3} (You bought it
                  | in a shop on level 6 of the Dungeon)
 10077 | D:6      | Bought a scroll of identify for 38 gold pieces
 10077 | D:6      | Bought a scroll of identify for 38 gold pieces
 10077 | D:6      | Bought a scroll labelled XAOCKU ZATI for 19 gold pieces
 10077 | D:6      | Bought a murky yellow potion for 17 gold pieces
 10083 | D:7      | Acquired the -3 hat "Veffum" {rElec rPois Dex+2}
 10278 | D:7      | Reached skill level 12 in Stealth
 10837 | D:8      | Reached skill level 5 in Evocations
 10981 | D:8      | Noticed a manticore
 10989 | D:8      | Killed a manticore
 11210 | D:8      | Reached skill level 5 in Hexes
 11305 | D:8      | Noticed Harold
 11318 | D:8      | Killed Harold
 11319 | D:8      | Reached skill level 13 in Stealth
 11585 | D:9      | Noticed a centaur warrior
 11585 | D:9      | Noticed a centaur warrior
 11595 | D:9      | Killed a centaur warrior
 11596 | D:9      | Reached skill level 1 in Shields
 11603 | D:9      | Killed a centaur warrior
 11868 | D:9      | Noticed an eight-headed hydra
 11871 | D:9      | Noticed a centaur warrior
 11886 | D:9      | Noticed a deep elf pyromancer
 11887 | D:9      | Killed a centaur warrior
 11888 | D:9      | Reached XP level 11. HP: 46/54 MP: 22/22
 11943 | D:9      | Killed an eight-headed hydra
 11979 | D:9      | Killed a deep elf pyromancer
 11980 | D:9      | Reached skill level 14 in Stealth
 12404 | D:9      | Noticed a two-headed ogre
 12415 | D:9      | Killed a two-headed ogre
 12692 | D:9      | Found a runed translucent door.
 12857 | D:9      | Noticed a two-headed ogre
 12862 | D:9      | Killed a two-headed ogre
 12949 | D:9      | Noticed an orc knight
 13332 | D:9      | Killed an orc knight
 13699 | D:9      | Noticed an orc knight
 13859 | D:9      | Killed an orc knight
 14170 | D:10     | Entered Level 10 of the Dungeon
 14199 | D:10     | Noticed Grum
 14211 | D:10     | Killed Grum
 14514 | D:10     | Found a staircase to the Lair.
 14537 | D:10     | Bought a glowing cloak for 270 gold pieces
 14537 | D:10     | Bought a scroll labelled CUFUSEMAFYLL for 36 gold pieces
 14537 | D:10     | Bought a scroll labelled ADIOLOL OPAISS for 36 gold pieces
 14614 | D:10     | Noticed a two-headed ogre
 14689 | D:10     | Killed a two-headed ogre
 14792 | D:10     | Noticed Josephine
 14798 | D:10     | Reached XP level 12. HP: 58/58 MP: 24/24
 14868 | D:10     | Reached skill level 15 in Stealth
 15352 | D:10     | Killed Josephine
 15701 | Lair:1   | Entered Level 1 of the Lair of Beasts
 15712 | Lair:1   | Reached skill level 10 in Dodging
 16168 | Lair:1   | Learned a level 2 spell: Poisonous Vapours
 16379 | Lair:1   | Learned a level 5 spell: Metabolic Englaciation
 16598 | Lair:1   | Found a dark tunnel.
 16605 | Volcano  | Entered a volcano
 16625 | Volcano  | Noticed a hell hog
 16638 | Volcano  | Killed a hell hog
 16639 | Volcano  | Reached skill level 5 in Ice Magic
 16720 | Volcano  | Noticed a fire dragon
 16723 | Volcano  | Killed from afar by a fire dragon

Illustrated notes

Levels and vault maps discovered:
D:1:      lightli_arrival_quake, layout_basic, ebering_ecumenical_altar_rust,
          serial_shops, shop, minmay_misc_feat_square
D:2:      layout_basic, serial_shops, nicolae_shop_trees, basic_altar
D:3:      layout_loops_cross, cheibrodos_ashenzari_chains,
          cheibrodos_sewer_entry_drain, hex_tiny, chequers_mini_garden
D:4:      layout_cave_pools, mainiacjoe_overflow_divided_tiny,
          nicolae_ru_awakened_eye, mainiacjoe_overflow_brackets, serial_park,
          serial_park_tiny_2, serial_park_fountain, serial_park_tiny_2,
          uniq_menkaure
D:5:      layout_loops_ring, nicolae_stop_n_shop_2, amcnicky_mini_pool_small,
          uniq_crazy_yiuf_cottage
D:6:      layout_layer_cave, lemuel_round_altar, temple_statues, serial_shops,
          shop, nicolae_take_the_stairs, uniq_blork_the_orc
D:7:      layout_cave_pools, dk_xom_monty_hall, nicolae_shop_overcharged_wands
D:8:      layout_basic, uniq_harold
D:9:      minmay_diamond_stairs, layout_basic, lightli_church_of_beogh
D:10:     layout_basic, minmay_lair_entry_grove, nicolae_twisting_strands,
          uniq_grum, uniq_josephine
Lair:1:   layout_chaotic_city, lightli_volcano_entry_magma_tube, roderic_batcave
Volcano:  volcano_pools

Skill      XL: |  1  2  3  4  5  6  7  8  9 10 11 12 |
---------------+-------------------------------------+-----
Stealth        | 6 7 8 9 11 13 14 15 | 15.7
Spellcasting   | 1 2 3 4 5 6 7 8 |  8.1
Fighting       | 2 3 4 |  4.8
Dodging        | 2 3 4 5 6 7 8 9 10 | 10.3
Short Blades   | 3 4 5 6 7 |  7.4
Throwing       | 3 4 |  4.7
Hexes          | 1 3 4 5 6 7 |  7.7
Evocations     | 1 3 4 6 7 8 |  8.3
Ice Magic      | 1 2 3 4 5 |  5.0
Slings         | 2 3 |  3.7
Shields        | 1 2 3 |  3.6
Air Magic      | |  0.8
Poison Magic   | |  0.3

Action                   |  1- 3 |  4- 6 |  7- 9 | 10-12 || total
-------------------------+-------+-------+-------+-------++-------
Melee: Dagger            |   109 |   197 |   134 |       ||   440
       Punch             |       |     3 |     6 |    11 ||    20
       Short sword       |       |       |   100 |   538 ||   638
 Fire: Hunting sling     |    11 |       |    17 |       ||    28
Throw: Dart              |    19 |    43 |    40 |    43 ||   145
       Stone             |       |       |     2 |       ||     2
 Cast: Ensorcelled Hiber |       |       |     6 |    42 ||    48
Invok: Call Merchant     |       |       |       |     1 ||     1
Evoke: Wand              |       |       |       |    21 ||    21
  Use: Scroll            |       |     3 |     8 |    17 ||    28
       Potion            |       |     1 |     1 |     4 ||     6
 Stab: Sleeping          |    17 |     6 |    11 |    47 ||    81
       Distracted        |       |       |     8 |    13 ||    21
       Invisible         |       |       |     2 |     3 ||     5
Armor: Robe              |    16 |    58 |    50 |    24 ||   148
       Skin              |       |       |       |     6 ||     6
Dodge: Dodged            |    96 |   182 |   228 |   374 ||   880
Block: Other             |       |       |    18 |   184 ||   202
